 Dungeon Crawl Stone Soup version 0.18-a0-1343-g48c8f86 (webtiles) character file.

86 Ratboiler the Chiller (level 4, -1/24 HPs)
             Began as a Deep Elf Wanderer on Feb 16, 2016.
             Slain by a water moccasin skeleton (3 damage)
             ... on level 3 of the Dungeon.
             The game lasted 00:06:07 (2998 turns).

Ratboiler the Chiller (Deep Elf Wanderer)           Turns: 2998, Time: 00:06:07

Health: -1/24      AC:  2    Str:  8    XL:     4   Next: 26%
Magic:  4/12       EV: 11    Int: 19    God:
Gold:   165        SH:  0    Dex: 14    Spells: 2 memorised, 8 levels left

rFire  . . .     SeeInvis .     a - +0 spear
rCold  . . .     Gourm    .     c - +0 robe
rNeg   . . .     Faith    .     (no shield)
rPois  .         Spirit   .     (no helmet)
rElec  .         Dismiss  .     (no cloak)
rCorr  .         Reflect  .     (no gloves)
SustAt .         Harm     .     (no boots)
MR     .....                    (no amulet)
Stlth  ++........               (no ring)
                                (no ring)

@: very slightly contaminated, not resistant to hostile enchantments, unstealthy
A: no striking features
a: no special abilities


You were on level 3 of the Dungeon.
You were not hungry.

You visited 1 branch of the dungeon, and saw 3 of its levels.

You collected 165 gold pieces.

Inventory:

Hand Weapons
 a - a +0 spear (weapon)
 d - a +0 dagger
Missiles
 e - 53 stones (quivered)
Armour
 c - a +0 robe (worn)
Scrolls
 g - a scroll of fog {unknown}
 h - a scroll of enchant weapon
 k - 2 scrolls of teleportation {unknown}
 l - a scroll of random uselessness {unknown}
 o - a scroll of amnesia {unknown}
 p - a scroll of blinking {unknown}
Potions
 b - 2 potions of lignification
 i - 3 potions of brilliance
 m - 2 potions of might {unknown}
 n - a potion of degeneration {unknown}
Books
 j - a book of Frost

   Spells                             Type                      Level
   a - Freeze                         Ice                          1
   b - Throw Frost                    Conjuration/Ice              2
   c - Ozocubu's Armour               Charms/Ice                   3
   d - Throw Icicle                   Conjuration/Ice              4
   e - Summon Ice Beast               Ice/Summoning                4
Comestibles
 f - 3 bread rations
 q - a chunk of flesh


   Skills:
 - Level 1.2 Stealth
 + Level 4.1 Spellcasting
 * Level 2.7 Conjurations
   Level 1.3 Hexes
   Level 2.1 Translocations
 + Level 4.1 Ice Magic
   Level 1.1 Evocations


You had 8 spell levels left.
You knew the following spells:

 Your Spells              Type           Power        Failure   Level  Hunger
a - Freeze                Ice            ###.         2%          1    None
b - Throw Frost           Conj/Ice       ###...       8%          2    ##.....


Dungeon Overview and Level Annotations

Branches:
Dungeon (3/15)

Altars:
Pakellas
Trog


Message History

Confirm with . or Enter, or press ? or * to list all spells.
Aiming: Freeze
Press: ? - help, Shift-Dir - straight line, f/p - water moccasin skeleton
Aim: a water moccasin skeleton You miscast Freeze.
You feel a strange surge of energy! The water moccasin skeleton bites you.
Casting: Freeze
Confirm with . or Enter, or press ? or * to list all spells.
Aiming: Freeze
Press: ? - help, Shift-Dir - straight line, f/p - water moccasin skeleton
Aim: a water moccasin skeleton You freeze the water moccasin skeleton.
The water moccasin skeleton resists.
The water moccasin skeleton closely misses you.
The water moccasin skeleton bites you!
* * * LOW HITPOINT WARNING * * *
The water moccasin skeleton bites you.
* * * LOW HITPOINT WARNING * * *
You see here a halberd.
You hit the water moccasin skeleton. The water moccasin skeleton bites you.
You die...

## ############# .#
............# ..# ≈
≈≈≈≈≈≈≈≈≈≈≈≈#####≈≈
≈≈≈≈≈≈≈≈≈≈≈≈≈≈≈≈≈≈≈
≈≈≈≈≈≈≈≈≈≈≈≈≈≈≈≈≈≈≈
.................P.
######Z###.######
#@# #......#
##.########.#
##...## .#
##.....## .#
####.......# .#
#..........# .#
#.##....)..#####.#
#.##....)...>....#
#.#......#..#####


You could see a water moccasin skeleton.

Vanquished Creatures
  A gnoll (D:3)
  3 adders
  2 worms (D:3)
  2 giant geckos
  An orc (D:3)
  7 bats
  6 goblins
  5 hobgoblins
  A jackal (D:3)
  A quokka (D:3)
  A ball python (D:3)
  4 giant newts
  3 kobolds (D:2)
  4 rats
41 creatures vanquished.

Vanquished Creatures (others)
  A lightning spire (D:2)
  3 bushes (D:2)
4 creatures vanquished.

Grand Total: 45 creatures vanquished

Notes
Turn   | Place    | Note
--------------------------------------------------------------
     0 | D:1      | Ratboiler the Deep Elf Wanderer began the quest for the Orb.
     0 | D:1      | Ratboiler set off with: a book of Frost, a potion of lignification, a +0 robe, a +0 dagger, a bread ration
     0 | D:1      | Reached XP level 1. HP: 10/10 MP: 6/6
     2 | D:1      | Learned a level 1 spell: Freeze
   542 | D:1      | Reached XP level 2. HP: 15/15 MP: 8/8
   546 | D:1      | Learned a level 2 spell: Throw Frost
  1028 | D:2      | Reached skill level 1 in Conjurations
  1356 | D:2      | Reached XP level 3. HP: 7/19 MP: 1/10
  1861 | D:2      | Found an oddly glowing altar of Pakellas.
  1862 | D:2      | Noticed a cyan very ugly thing
  2196 | D:3      | Found a bloodstained altar of Trog.
  2532 | D:3      | Reached skill level 4 in Spellcasting
  2532 | D:3      | Reached XP level 4. HP: 24/24 MP: 1/12
  2995 | D:3      | HP: 1/24 [water moccasin skeleton (3)]
  2998 | D:3      | Slain by a water moccasin skeleton

Vault maps used:
D:1:      dpeg_arrival_circle_labyrinth_b
D:2:      gammafunk_pakellas_spire_experiment, first_bread
D:3:      lemuel_castle_with_subvaults, bloody_trog, hangedman_decor_riveting,
          uniq_natasha, uniq_iyjb

Action                   |  1- 3 |  4- 6 || total
-------------------------+-------+-------++-------
Melee: Spear             |    44 |     7 ||    51
Throw: Stone             |    37 |       ||    37
 Cast: Freeze            |    18 |     5 ||    23
       Throw Frost       |    27 |     8 ||    35
  Use: Scroll            |     4 |       ||     4
  Eat: Chunk             |     3 |       ||     3
       Meat ration       |     1 |       ||     1
